 Seeded DCSS version 0.24-a0-230-g536ed4e (webtiles) character file.

Game seed: 4816019626013319493

470 TheOrbIsALie the Ducker (level 7, -1/41 HPs)
             Began as a Kobold Arcane Marksman on Apr 2, 2019.
             Was a Believer of the Shining One.
             Killed by nerve-wracking pain
             ... invoked by an orc priest
              (5 damage)
             ... on level 4 of the Dungeon.
             The game lasted 00:10:08 (3835 turns).

TheOrbIsALie the Ducker (Kobold Arcane Marksman)    Turns: 3835, Time: 00:10:09

Health: -1/41      AC:  8    Str:  8      XL:     7   Next: 31%
Magic:  10/10      EV: 17    Int: 13 (14) God:    the Shining One [**....]
Gold:   93         SH:  0    Dex: 17      Spells: 7/8 levels left

rFire    . . .     SeeInvis .   o - +2 dagger (holy)
rCold    . . .     Gourm    .   (shield restricted)
rNeg     + . .     Faith    .   k - +3 leather armour
rPois    .         Spirit   .   (no helmet)
rElec    .         Reflect  .   c - +0 cloak
rCorr    .         Harm     .   (no gloves)
MR       .....                  t - +0 pair of boots
Stlth    +.........             i - amulet of rage
HPRegen  0.13/turn              (no ring)
MPRegen  0.12/turn              (no ring)

@: very slightly contaminated, glowing
A: small, carnivore
a: Divine Shield, Renounce Religion, Evoke Berserk Rage


You were on level 4 of the Dungeon.
You worshipped the Shining One.
The Shining One was pleased with you.
You were completely stuffed.

You visited 1 branch of the dungeon, and saw 4 of its levels.

You collected 93 gold pieces.

Inventory:

Hand Weapons
 a - a +0 hunting sling
 o - a +2 dagger of holy wrath (weapon)
Missiles
 d - 19 sling bullets
 n - 126 stones (quivered)
Armour
 b - a +0 ring mail
 c - a +0 cloak (worn)
 e - a +0 robe
 k - a +3 leather armour (worn)
 t - a +0 pair of boots (worn)
Jewellery
 i - an amulet of rage (around neck)
 u - an uncursed ring of resist corrosion {unknown}
Scrolls
 g - 2 scrolls of remove curse
 j - 2 scrolls of enchant armour {unknown}
 m - 3 scrolls of identify {unknown}
 p - 2 scrolls of immolation {unknown}
 s - a scroll of blinking {unknown}
Potions
 l - a potion of invisibility
Comestibles
 f - 6 rations
 q - 8 chunks of flesh


   Skills:
 - Level 3.3 Fighting
 - Level 4.1 Short Blades
 - Level 2.0 Slings
 - Level 5.0 Dodging
 - Level 1.1 Spellcasting
 - Level 3.0 Hexes
 + Level 4.6 Evocations


You had 7 spell levels left.
You knew the following spells:

 Your Spells              Type           Power        Failure   Level  Hunger
a - Corona                Hex            #......      12%         1    ##.....

Your spell library contained the following spells:

 Spells                   Type           Power        Failure   Level  Hunger
 Slow                     Hex            #.......     19%         2    ###....
 Inner Flame              Hex/Fire       #.......     54%         3    ####...
 Portal Projectile        Hex/Tloc       #.....       54%         3    ####...
 Cause Fear               Hex            #.........   75%         4    #####..
 Leda's Liquefaction      Hex/Erth       #.........   91%         4    #####..


Dungeon Overview and Level Annotations

Branches:
Dungeon (4/15)
 Temple: D:4-7

Altars:
Gozag
Hepliaklqana
Kikubaaqudgha
Qazlal
Ru
Sif Muna
Vehumet
Zin
The Shining One


Innate Abilities, Weirdness & Mutations

You are small and have problems with some larger weapons.
You are carnivorous and can eat meat at any time.


Message History

* * * LOW HITPOINT WARNING * * *
You see here a +0 falchion.
You feel better.
You hit the orc priest but do no damage.
You hit the orc priest.
The orc priest is lightly wounded.
The orc priest mumbles some strange prayers to Beogh against you.
Beogh smites you!
* * * LOW HITPOINT WARNING * * *
You hit the orc priest.
The orc priest is moderately wounded.
The orc priest misses you.
You hit the orc priest but do no damage.
The orc priest is moderately wounded.
The orc priest hits you but does no damage.
You hit the orc priest but do no damage.
The orc priest is moderately wounded.
The orc priest calls down the wrath of Beogh upon you.
Pain shoots through your body!
You die...

..o.$#....##o...
.o..⌠#........#.
o..$#.......#.. ≈
#.###...#.. ## ##.#
#...###
....#########..# ...##
.....o......).####...
#?....##o))÷).......##
......#@.#.##......##
.........####.##.###
#........# ### ##
##.#.)#..# # ##.####
##


You could see an orc priest.

Vanquished Creatures
  An ogre (D:4)
  A bullfrog skeleton (D:4)
  2 orc priests
  An orc wizard (D:3)
  An iguana (D:3)
  Robin (D:2)
  6 gnolls
  7 adders
  An ooze (D:1)
  An adder skeleton (D:4)
  5 dart slugs
  4 leopard geckos
  7 orcs
  A ball python (D:4)
  4 giant cockroaches
  22 goblins
  7 hobgoblins
  4 kobolds
  2 quokkas
  9 bats
  A jackal skeleton (D:4)
  13 rats
101 creatures vanquished.

Notes
Turn   | Place    | Note
-------+----------+-------------------------------------------
     0 | D:1      | TheOrbIsALie the Kobold Arcane Marksman began the quest for
                  | the Orb.
     0 | D:1      | Reached XP level 1. HP: 12/12 MP: 2/2
    93 | D:1      | Reached XP level 2. HP: 18/18 MP: 3/3
   416 | D:1      | Reached XP level 3. HP: 23/23 MP: 4/4
   995 | D:2      | Reached skill level 1 in Short Blades
  1026 | D:2      | Reached XP level 4. HP: 19/28 MP: 5/5
  1058 | D:2      | Found an opulent altar of Gozag.
  1058 | D:2      | Found a deep blue altar of Sif Muna.
  1064 | D:2      | Found a sacrificial altar of Ru.
  1066 | D:2      | Found an ancient bone altar of Kikubaaqudgha.
  1067 | D:2      | Found a faded altar of an unknown god.
  1078 | D:2      | HP: 1/28 [poisoned by an adder]
  1372 | D:2      | Became a worshipper of the Shining One
  1372 | D:2      | Reached * piety under the Shining One
  1433 | D:2      | Noticed Robin
  1514 | D:2      | Killed Robin
  1514 | D:2      | Reached XP level 5. HP: 3/32 MP: 6/6
  1867 | D:2      | Found a hazy altar of Hepliaklqana.
  1986 | D:2      | Found a radiant altar of Vehumet.
  2031 | D:2      | Reached skill level 3 in Dodging
  2298 | D:2      | Found a glowing silver altar of Zin.
  2850 | D:3      | Found a stormy altar of Qazlal.
  2913 | D:3      | Reached skill level 4 in Dodging
  2913 | D:3      | Reached XP level 6. HP: 35/37 MP: 7/7
  2994 | D:3      | Reached skill level 5 in Dodging
  3013 | D:3      | Reached skill level 1 in Evocations
  3678 | D:4      | Reached ** piety under the Shining One
  3753 | D:4      | Reached XP level 7. HP: 17/41 MP: 9/9
  3787 | D:4      | The Shining One protects you from harm!
  3827 | D:4      | HP: 2/41 [orc priest/nerve-wracking pain (6)]
  3835 | D:4      | Killed from afar by an orc priest

Levels and vault maps discovered:
D:1:      psy_arrival_spokes, layout_basic
D:2:      cheibrodos_helix_gallery, layout_basic,
          chequers_temple_overflow_minitemple, old_standard_altar,
          nicolae_overflow_crystal_walls, old_standard_altar, uniq_robin
D:3:      layout_basic, grunt_qazlal_sundering
D:4:      cheibrodos_pilgrimage, layout_cave_pools, kennysheep_little_box,
          lemuel_round_altar, minmay_temple_entry_statues, first_ration,
          uniq_ijyb

Skill      XL: |  1  2  3  4  5  6  7 |
---------------+----------------------+-----
Fighting       | 2 3 |  3.3
Short Blades   | 2 4 |  4.1
Dodging        | 4 5 |  5.0
Evocations     | 3 4 |  4.6
Slings         | |  2.0
Spellcasting   | |  1.1
Hexes          | |  3.0

Action                   |  1- 3 |  4- 6 |  7- 9 || total
-------------------------+-------+-------+-------++-------
Melee: Unarmed           |     2 |       |       ||     2
       Dagger            |    80 |   282 |    25 ||   387
 Fire: Hunting sling     |    86 |       |       ||    86
 Abil: Evoke Berserk Rag |       |     3 |       ||     3
  Use: Potion            |       |     4 |     3 ||     7
       Scroll            |       |     1 |       ||     1
  Eat: Chunk             |     9 |    10 |     2 ||    21
Armor: Ring mail         |    60 |    36 |       ||    96
       Leather armour    |       |    26 |     2 ||    28
Dodge: Dodged            |    97 |   179 |    14 ||   290

Table legend:
 A = Non-vault XP
 B = Vault XP
 C = Vault XP percentage of total XP
 D = Non-vault monster count
 E = Vault monster count
 F = Vault count percentage of total count
                 A         B        C        D         E       F
            +---------+---------+-------+---------+---------+-------
      Total |     614 |      58 |   8.6 |      84 |      17 |  16.8
            +---------+---------+-------+---------+---------+-------
        D:1 |      47 |       0 |   0.0 |      24 |       0 |   0.0
        D:2 |     131 |      52 |  28.4 |      32 |      15 |  31.9
        D:3 |     222 |       0 |   0.0 |      19 |       0 |   0.0
        D:4 |     214 |       6 |   2.7 |       9 |       2 |  18.2
            +---------+---------+-------+---------+---------+-------
